 Dungeon Crawl Stone Soup version 0.31.0-12-g77e489cdc1 (webtiles) character file.

Game seed: 11901786220317838718

63 xeryu the Chopper (level 3, 31/31 HPs)
             Began as a Minotaur Berserker on Mar 5, 2024.
             Was a Believer of Trog.
             Quit the game on level 2 of the Dungeon.
             The game lasted 00:15:52 (1104 turns).

xeryu the Chopper (Minotaur Berserker)              Turns: 1104, Time: 00:15:52

Health: 31/31      AC:  9    Str: 23    XL:     3   Next: 89%
Magic:  2/2        EV:  9    Int:  4    God:    Trog [**....]
Gold:   20         SH:  0    Dex:  9    Spells: 2/2 levels left

rFire   . . .        f - +1 hand axe (heavy)
rCold   . . .        (no shield)
rNeg    . . .        j - +0 chain mail
rPois   .            (helmet restricted)
rElec   .            h - +0 cloak
rCorr   .            (no gloves)
SInv    .            (no boots)
Will    .....        (no amulet) Stlth
                     (no ring)
HPRegen 0.25/turn    (no ring)
MPRegen 0.08/turn

%: no passive effects
@: no status effects
A: horns 2, retaliatory headbutt
a: Renounce Religion, Berserk, Trog's Hand


You were on level 2 of the Dungeon.
You worshipped Trog.
Trog was pleased with you.
You visited 1 branch of the dungeon, and saw 2 of its levels.

You collected 20 gold pieces.

Inventory:

Hand Weapons
 a - a +0 spectral hand axe
 b - a +1 sling of flaming
 d - a +2 dagger of venom
 f - a +1 heavy hand axe (weapon)
 m - a +0 giant club
Armour
 h - a +0 cloak (worn)
 j - a +0 chain mail (worn)
Jewellery
 g - an amulet of regeneration
 k - a ring of fire
Scrolls
 c - a scroll of identify
 l - a scroll of fear
Potions
 e - a potion of haste
 i - a potion of mutation {unknown}


   Skills:
 - Level 3.6 Fighting
 + Level 5.9 Axes
 - Level 2.4 Armour
 - Level 2.1 Dodging


You had 2 spell levels left.
You didn't know any spells.
Your spell library was empty.

Dungeon Overview and Level Annotations

Branches:
Dungeon (2/15)

Altars:


Innate Abilities, Weirdness & Mutations

You have a pair of horns on your head.
You reflexively headbutt those who attack you in melee.


Message History

Trog accepts your kill.
l - a scroll of fear A bat comes into view.
A bat is nearby!
A bat is nearby!
You barely miss the bat. The bat hits you but does no damage. x2
The bat barely misses you.
You hit the bat. Your headbutt misses the bat.
The bat is severely wounded.
The bat barely misses you. The bat hits you but does no damage.
The bat closely misses you. The bat hits you.
The bat hits you but does no damage.
You barely miss the bat. Your headbutt misses the bat.
The bat barely misses you. x2
The bat barely misses you. You furiously retaliate!
You headbutt the bat.
You kill the bat!
Trog accepts your kill.
A giant cockroach comes into view.
You see here a bat corpse.
Found a giant club.
You completely miss the giant cockroach.
The giant cockroach bites you but does no damage.
The giant cockroach bites you.
You hit the giant cockroach.
The giant cockroach is severely wounded.
The giant cockroach barely misses you.
The giant cockroach bites you but does no damage.
You barely miss the giant cockroach.
The giant cockroach is severely wounded.
The giant cockroach bites you but does no damage.
The giant cockroach barely misses you. You furiously retaliate!
You headbutt the giant cockroach!
You kill the giant cockroach!
Trog accepts your kill.
You see here a giant cockroach corpse.
You see here a +0 giant club.
m - a +0 giant club Are you sure you want to abandon this character and quit the game? (Confirm with "yes".)

......#############.# #.###....
.........####### #.# #......#.
......##.......# #.# #####....
.......#.......# #.# #.#..
######.#.......####.#########.#.#
#...##.#......................###
#...'..#............###########..
#...####............#### #.#
#...''##.#####..@......# #.#
#.........>............# #.#
'......................########.#
#..........<..........†..†......#
#...................#############
#.............#+##+##
#............. <#+#.......... #
#+#...##.


There were no monsters in sight!

Vanquished Creatures
  2 adders (D:2)
  A ribbon worm (D:2)
  A dart slug (D:1)
  2 ball pythons (D:1)
  3 endoplasms
  3 giant cockroaches (D:2)
  3 goblins
  4 hobgoblins
  2 jackals (D:2)
  3 kobolds
  2 quokkas
  8 bats
  4 rats
38 creatures vanquished.

Notes
Turn   | Place    | Note
-------+----------+-------------------------------------------
     0 | D:1      | xeryu the Minotaur Berserker began the quest for the Orb.
     0 | D:1      | Reached XP level 1. HP: 19/19 MP: 0/0
   103 | D:1      | Reached skill level 4 in Axes
   171 | D:1      | Reached XP level 2. HP: 24/26 MP: 1/1
   644 | D:2      | Reached skill level 5 in Axes
   678 | D:2      | Reached XP level 3. HP: 31/31 MP: 2/2
   912 | D:2      | Reached ** piety under Trog
  1018 | D:2      | Found a faded altar of an unknown god.
  1104 | D:2      | Quit the game

Illustrated notes

Levels and vault maps discovered:
D:1:      mushboom_english_gardens, layout_rooms, hex_large,
          grunt_decor_resistance, kennysheep_pointless_box
D:2:      layout_basic, shapermc_ecumenical_altar_mp_ritualfount,
          minmay_hexomino_u4

Skill      XL: |  1  2 |
---------------+-------+-----
Axes           | 4 5 |  5.9
Fighting       | |  3.6
Armour         | |  2.4
Dodging        | |  2.1

Action                     || total
---------------------------++-------
  Melee: Hand axe          ||    84
         Headbutt          ||     7
    Use: Scroll            ||     7
 Armour: Chain mail        ||    77
  Dodge: Dodged            ||    50
